 Dungeon Crawl Stone Soup version 0.21.1-1-g345015f (webtiles) character file.

4341 kae the Cleaver (level 10, -5/88 HPs)
             Began as a Hill Orc Fighter on June 17, 2018.
             Was a Follower of Qazlal.
             Slain by a two-headed ogre
             ... wielding a +0 giant spiked club
              (18 damage)
             ... on level 9 of the Dungeon.
             The game lasted 00:07:47 (10575 turns).

kae the Cleaver (Hill Orc Fighter)                 Turns: 10575, Time: 00:07:47

Health: -5/88      AC:  9    Str: 23    XL:     10   Next: 33%
Magic:  15/15      EV:  8    Int:  8    God:    Qazlal [*.....]
Gold:   534        SH: 13    Dex: 10    Spells: 9/9 levels left

rFire    . . .     SeeInvis .   a - +0 war axe
rCold    . . .     Gourm    .   c - +0 shield
rNeg     . . .     Faith    .   b - +1 scale mail
rPois    .         Spirit   .   (no helmet)
rElec    .         Reflect  .   (no cloak)
rCorr    .         Harm     .   (no gloves)
MR       .....                  (no boots)
Stlth    ..........             (no amulet)
HPRegen  0.24/turn              (no ring)
MPRegen  0.14/turn              (no ring)

@: no status effects
A: no striking features
a: Renounce Religion


You were on level 9 of the Dungeon.
You worshipped Qazlal.
Qazlal was aware of your devotion.
You were very hungry.

You visited 2 branches of the dungeon, and saw 10 of its levels.
You also visited: Sewer.

You collected 534 gold pieces.

Inventory:

Hand Weapons
 a - a +0 war axe (weapon)
Armour
 b - a +1 scale mail (worn)
 c - a +0 shield (worn)
Jewellery
 i - an uncursed amulet of harm
 l - a cursed ring of loudness {unknown}
 x - an uncursed ring of fire {unknown}
 D - a cursed ring of loudness {unknown}
Wands
 k - a wand of iceblast (11)
 v - a wand of digging (16)
 w - a wand of acid (5)
 E - a wand of paralysis (14)
Scrolls
 e - a scroll of fear
 g - 2 scrolls of magic mapping
 j - 4 scrolls of immolation
 o - 3 scrolls of remove curse
 u - 3 scrolls of teleportation
 y - 4 scrolls of identify
 z - a scroll of amnesia
 B - a scroll of summoning {unknown}
 F - a scroll of random uselessness {unknown}
 H - 2 scrolls of enchant weapon {unknown}
Potions
 d - 5 potions of might
 h - 3 potions of haste {unknown}
 m - 13 potions of curing {unknown}
 n - 3 potions of invisibility {unknown}
 q - 2 potions of mutation {unknown}
 r - 4 potions of flight {unknown}
 s - a potion of cancellation {unknown}
 t - 2 potions of heal wounds {unknown}
 A - 5 potions of agility
 C - a potion of brilliance {unknown}
 G - a potion of lignification {unknown}
Books
 p - a book of Conjurations

   Spells                             Type                      Level
   a - Magic Dart                     Conjuration                  1
   b - Searing Ray                    Conjuration                  2
   c - Dazzling Spray                 Conjuration/Hexes            3
   d - Fulminant Prism                Conjuration/Hexes            4
   e - Force Lance                    Conjuration/Translocation    4
   f - Iskenderun's Mystic Blast      Conjuration                  4
Comestibles
 f - 24 rations


   Skills:
 + Level 8.2 Fighting
 * Level 11.4 Axes
 + Level 7.5 Armour
 + Level 7.4 Shields
 * Level 7.2 Invocations


You had 9 spell levels left.
You didn't know any spells.

Dungeon Overview and Level Annotations

Branches:
Dungeon (9/15)             Temple (1/1) D:6
   Lair: D:8-11         Orc: D:9-12

Altars:
Cheibriados
Dithmenos
Elyvilon
Fedhas
Gozag
Hepliaklqana
Kikubaaqudgha
Makhleb
Nemelex Xobeh
Okawaru
Qazlal
Sif Muna
Trog
Uskayaw
Vehumet
Wu Jian
Xom
Yredelemnul
Zin
The Shining One

Annotations:
D:7 Ethylacetat's ghost, novice DrMo


Message History

You slash the two-headed ogre!
The two-headed ogre is moderately wounded.
The two-headed ogre hits you but does no damage.
You block the two-headed ogre's attack.
You hit the two-headed ogre but do no damage.
The two-headed ogre is moderately wounded.
The two-headed ogre hits you with a giant spiked club!!
The two-headed ogre barely misses you.
You hit the two-headed ogre.
The two-headed ogre is heavily wounded.
You hit the two-headed ogre.
The two-headed ogre is heavily wounded.
The two-headed ogre hits you with a giant spiked club!
* * * LOW HITPOINT WARNING * * *
The two-headed ogre hits you with a giant club!
* * * LOW HITPOINT WARNING * * *
You hit the two-headed ogre.
The two-headed ogre is severely wounded.
The two-headed ogre hits you with a giant spiked club!!
You die...

.... #.#
.?... #.#
......###.##
.⌠.._..)<..#
......###..#
..... #..#
.... #..#
... #..# .#
#.@# #§O#
....# ##....
#...# ###.#
#$. ...


You could see a two-headed ogre.

Vanquished Creatures
  The ghost of Hebeh the Cleaver, a novice DDFi of Makhleb (D:8)
  A two-headed ogre (D:8)
  A centaur zombie (D:8)
  Sigmund (D:6)
  A phantom (D:8)
  A sky beast (D:6)
  2 orc warriors
  3 ogres
  3 centaurs
  2 big kobolds
  4 bullfrogs
  2 crimson imps
  A quasit (D:6)
  A bullfrog zombie (D:6)
  4 hounds (D:8)
  8 orc priests
  A bullfrog skeleton (D:4)
  3 worker ants
  3 iguanas
  6 orc wizards
  13 adders
  8 river rats
  A shadow imp (D:8)
  An adder zombie (D:5)
  6 worms
  5 dart slugs
  3 leopard geckos
  50 orcs
  5 ball pythons (Sewer)
  5 bats
  6 giant cockroaches
  15 goblins
  12 hobgoblins
  10 jackals
  30 kobolds
  6 quokkas
  5 frilled lizards
  A quokka zombie (D:6)
  30 rats
261 creatures vanquished.

Vanquished Creatures (others)
  A bush (D:4)
  2 plants (D:8)
3 creatures vanquished.

Grand Total: 264 creatures vanquished

Notes
Turn   | Place    | Note
-------+----------+-------------------------------------------
     0 | D:1      | kae the Hill Orc Fighter began the quest for the Orb.
     0 | D:1      | Reached XP level 1. HP: 19/19 MP: 1/1
    67 | D:1      | Reached skill level 3 in Axes
    85 | D:1      | Reached XP level 2. HP: 27/27 MP: 2/2
   398 | D:1      | Reached XP level 3. HP: 33/33 MP: 3/3
   577 | D:2      | Found a hazy altar of Hepliaklqana.
   589 | D:2      | Found an opulent altar of Gozag.
   667 | D:2      | Reached skill level 4 in Axes
   906 | D:2      | Reached XP level 4. HP: 29/40 MP: 4/4
  1133 | D:2      | Found a snail-covered altar of Cheibriados.
  1691 | D:2      | Reached XP level 5. HP: 41/47 MP: 5/5
  2221 | D:3      | Reached skill level 5 in Axes
  2868 | D:3      | Reached XP level 6. HP: 49/53 MP: 6/6
  3501 | D:4      | Reached skill level 5 in Fighting
  3501 | D:4      | Reached skill level 6 in Axes
  3816 | D:4      | Found a blossoming altar of Fedhas.
  3924 | D:4      | Reached XP level 7. HP: 45/61 MP: 7/7
  4187 | D:5      | Entered Level 5 of the Dungeon
  4422 | D:5      | Found a shimmering altar of Xom.
  4430 | D:5      | Reached skill level 5 in Armour
  4500 | D:5      | Found a burning altar of Makhleb.
  4500 | D:5      | Noticed a blizzard demon
  4503 | D:5      | Noticed a smoke demon
  4503 | D:5      | Noticed a neqoxec
  4911 | D:5      | Reached skill level 7 in Axes
  5004 | D:6      | Reached skill level 5 in Shields
  5049 | D:6      | Reached XP level 8. HP: 46/70 MP: 8/8
  5153 | D:6      | Found a glowing drain.
  5157 | Sewer    | Entered a sewer
  5199 | Sewer    | Reached skill level 8 in Axes
  5737 | D:6      | Noticed Sigmund
  5741 | D:6      | Found an ancient bone altar of Kikubaaqudgha.
  5746 | D:6      | Killed Sigmund
  6048 | D:6      | Found a staircase to the Ecumenical Temple.
  6091 | D:6      | Found a shadowy altar of Dithmenos.
  6110 | Temple   | Entered the Ecumenical Temple
  6230 | Temple   | Became a worshipper of Qazlal Stormbringer
  6382 | D:7      | Reached skill level 9 in Axes
  6390 | D:7      | Reached skill level 1 in Invocations
  6691 | D:7      | Reached XP level 9. HP: 49/78 MP: 9/11
  7060 | D:7      | Noticed Ethylacetat's ghost (novice DrMo)
  7479 | D:7      | Reached * piety under Qazlal
  8900 | D:8      | Reached skill level 10 in Axes
  8924 | D:8      | Noticed a two-headed ogre
  9282 | D:8      | Killed a two-headed ogre
  9372 | D:8      | Reached XP level 10. HP: 78/88 MP: 14/14
  9423 | D:8      | Noticed Hebeh's ghost (novice DDFi)
  9491 | D:8      | Killed Hebeh's ghost
  9491 | D:8      | Reached skill level 11 in Axes
  9797 | D:8      | Found an iron altar of Okawaru.
 10210 | D:8      | Noticed a three-headed hydra
 10236 | D:9      | Found a white marble altar of Elyvilon.
 10567 | D:9      | Noticed a two-headed ogre
 10575 | D:9      | Slain by a two-headed ogre

Skill      XL: |  1  2  3  4  5  6  7  8  9 10 |
---------------+-------------------------------+-----
Axes           | 3 4 5 6 7 9 10 11 | 11.4
Fighting       | 4 5 6 7 8 |  8.2
Armour         | 4 5 6 7 |  7.5
Shields        | 4 5 6 7 |  7.4
Invocations    | 2 6 7 |  7.2

Action                   |  1- 3 |  4- 6 |  7- 9 | 10-12 || total
-------------------------+-------+-------+-------+-------++-------
Melee: War axe           |    87 |   235 |   396 |    91 ||   809
Evoke: Wand              |       |       |       |     5 ||     5
  Use: Scroll            |       |     7 |     6 |     1 ||    14
       Potion            |       |       |     1 |       ||     1
  Eat: Chunk             |       |     9 |    16 |     2 ||    27
       Ration            |       |       |     1 |       ||     1
Armor: Scale mail        |    29 |   100 |   147 |    29 ||   305
Dodge: Dodged            |    27 |    72 |   122 |    19 ||   240
Block: Shield            |    38 |   109 |   224 |    73 ||   444
